 Dungeon Crawl Stone Soup version 0.30.0-5-g1a98f26d00 (webtiles) character file.

Game seed: 13142204989307236915

392 mdonais the Sneak (level 6, -6/48 HPs)
             Began as a Vampire Hedge Wizard on May 9, 2023.
             Mangled by an orc warrior
             ... wielding a +0 battleaxe
              (23 damage)
             ... on level 4 of the Dungeon.
             The game lasted 00:14:40 (4467 turns).

mdonais the Sneak (Vampire Hedge Wizard)            Turns: 4467, Time: 00:14:41

Health: -6/48      AC:  5    Str:  9    XL:     6   Next: 51%
Magic:  9/10       EV: 13    Int: 23    God:
Gold:   169        SH:  0    Dex: 18    Spells: 3/11 levels left

rFire   . . .        a - +0 dagger
rCold   . . .        (no shield)
rNeg    . . .        b - +0 robe
rPois   +            e - +0 helmet
rElec   .            (no cloak)
rCorr   .            c - +0 pair of gloves
SInv    +            i - +0 pair of boots
Will    .....        (no amulet)
Stlth   +++          q - ring of Reimbursement {rPois Dex+3}
HPRegen 0.48/turn    f - +6 ring of intelligence
MPRegen 0.12/turn

%: no passive effects
@: healing quickly
A: alive, fangs 3, see invisible, vampiric 2
a: Exsanguinate


You were on level 4 of the Dungeon.
You visited 1 branch of the dungeon, and saw 4 of its levels.

You collected 169 gold pieces.

Inventory:

Hand Weapons
 a - a +0 dagger (weapon)
 m - a +0 war axe
   (You found it on level 2 of the Dungeon)
Missiles
 t - 6 boomerangs
 v - 4 javelins (quivered)
Armour
 b - a +0 robe (worn)
 c - a +0 pair of gloves (worn)
   (You found it on level 3 of the Dungeon)
 e - a +0 helmet (worn)
   (You found it on level 3 of the Dungeon)
 i - a +0 pair of boots (worn)
   (You found it on level 1 of the Dungeon)
Jewellery
 f - a +6 ring of intelligence (right hand)
   (You found it on level 1 of the Dungeon)
 q - the ring of Reimbursement (left hand) {rPois Dex+3}
   (You found it on level 2 of the Dungeon)

   [ring of poison resistance]

   Dex:       It affects your dexterity (+3).
   rPois:     It protects you from poison.
Wands
 V - a wand of flame (17)
   (You found it on level 4 of the Dungeon)
Scrolls
 g - 2 scrolls of silence
 j - 2 scrolls of summoning
 l - a scroll of enchant weapon
 n - 2 scrolls of fear {unknown}
 o - a scroll of fog
 p - a scroll of immolation
 r - a scroll of amnesia {unknown}
 s - a scroll of noise
Potions
 u - a potion of flight {unknown}
 w - 2 potions of heal wounds
 H - a potion of haste
 Q - a potion of curing


   Skills:
 + Level 3.6 Fighting
 + Level 2.2 Short Blades
 + Level 3.3 Dodging
 - Level 4.0 Stealth
 - Level 3.0 Spellcasting
 - Level 1.0 Conjurations
 + Level 3.3 Summonings
 - Level 1.0 Translocations


You had 3 spell levels left.
You knew the following spells:

 Your Spells              Type           Power      Damage    Failure   Level
a - Magic Dart            Conj           32%        1d4       8%          1
b - Call Imp              Summ           36%        N/A       4%          2
c - Blink                 Tloc           16%        N/A       12%         2
d - Mephitic Cloud        Conj/Pois/Air  4%         N/A       30%         3

Your spell library contained the following spells:

 Spells                   Type           Power      Damage    Failure   Level
 Slow                     Hex            12%        N/A       12%         1
 Cigotuvi's Dreadful Rot  Necr/Pois/Air  6%         N/A       17%         2
 Poisonous Vapours        Pois/Air       6%         N/A       17%         2
 Freezing Cloud           Conj/Ice/Air   2%         6-21      96%         5
 Chain Lightning          Conj/Air       2%         3d3       100%        9
 Fire Storm               Conj/Fire      2%         8d1       100%        9
 Shatter                  Erth           1%         3d6*      100%        9


Dungeon Overview and Level Annotations

Branches:
Dungeon (4/15) Zot: 19534
 Temple: D:4-7

Altars:


Innate Abilities, Weirdness & Mutations

Your natural rate of healing is accelerated.
You have razor-sharp teeth.
You have supernaturally acute eyesight. (SInv)
You are afflicted with vampirism and can become a bat while bloodless.


Message History

You are confused.
You cannot move. (Use ctrl+direction or * direction to attack while stationary and confused.)
You cannot move. (Use ctrl+direction or * direction to attack while stationary and confused.)
You cannot move. (Use ctrl+direction or * direction to attack while stationary and confused.)
You cannot move. (Use ctrl+direction or * direction to attack while stationary and confused.)
You cannot move. (Use ctrl+direction or * direction to attack while stationary and confused.)
You cannot move. (Use ctrl+direction or * direction to attack while stationary and confused.)
You attack the rock wall.
The orc hits you but does no damage.
Your cerulean imp hits the orc warrior with a -3 spear.
The orc wizard gestures at you while chanting.
You resist with some effort.
The orc warrior barely misses your cerulean imp.
You hit the orc.
The orc is almost dead.
The orc hits you but does no damage.
Your cerulean imp hits the orc warrior but does no damage.
The orc wizard casts a spell.
The orc wizard flickers and vanishes for a moment.
You attack the rock wall.
The orc hits you with a +0 whip.
Your cerulean imp hits the orc warrior but does no damage.
The orc wizard points at you and mumbles some strange words.
The puff of flame misses you.
You take 2 damage, and have 66/70 hp.
You miss the orc wizard.
The orc wizard is heavily wounded.
The orc hits you with a +0 whip.
Your cerulean imp hits the orc warrior but does no damage.
You take 2 damage, and have 64/70 hp.
You swing at nothing.
The orc warrior seems less confused.
The orc wizard hits you but does no damage.
The orc hits you but does no damage.
You attack the rock wall.
Your transformation is almost over.
Your cerulean imp barely misses the orc warrior.
The orc wizard hits you but does no damage.
You hit the orc wizard but do no damage.
The orc wizard is heavily wounded.
Your cerulean imp hits the orc warrior but does no damage.
The orc wizard hits you but does no damage.
You hit the orc wizard.
The orc wizard is severely wounded.
You feel less confused.
Your cerulean imp hits the orc warrior but does no damage.
The orc wizard hits you with a +2 vampiric dagger.
The orc warrior hits you with a +0 battleaxe!
You take 9 damage, and have 56/70 hp.
Casting: Magic Dart (safe; 8% risk of failure)
Confirm with . or Enter, or press ? or * to list all spells.
A tiny devil pulls itself out of the air.
Your cerulean imp disappears in a puff of smoke!
The orc wizard completely misses you.
The orc warrior hits you with a +0 battleaxe!
The orc warrior completely misses your cerulean imp.
You take 12 damage, and have 44/70 hp.
You now have 1/10 mp.
Casting: Call Imp (safe; 4% risk of failure)
Confirm with . or Enter, or press ? or * to list all spells.
You don't have enough magic to cast this spell.
Magic courses through your body.
The orc wizard hits you but does no damage.
The orc warrior hits you with a +0 battleaxe.
The orc warrior barely misses your cerulean imp.
Your cerulean imp hits the orc warrior with a -3 spear.
You take 4 damage, and have 40/70 hp.
MP restored: 10
Casting: Call Imp (safe; 4% risk of failure)
Confirm with . or Enter, or press ? or * to list all spells.
Aiming: Mephitic Cloud (dangerous; 30% risk of failure)
Press: ? - help, Shift-Dir - straight line, f/p - orc wizard
Aim: an orc wizard, wielding a +2 vampiric dagger and wearing a +0 robe (severely wounded, slightly transparent, chance to affect: 86%)
The ball explodes into a vile cloud!
The stinking cloud engulfs the orc wizard but does no damage.
The orc wizard is severely wounded.
The stinking cloud engulfs the orc warrior but does no damage.
The orc warrior is lightly wounded.
The stinking cloud engulfs the orc but does no damage.
The orc is heavily wounded.
The stinking cloud engulfs you but does no damage.
The stinking cloud engulfs your cerulean imp but does no damage.
The orc wizard is engulfed in noxious fumes.
The orc wizard gestures at you while chanting.
The magic dart hits you but does no damage.
The orc warrior is engulfed in noxious fumes.
The orc warrior appears confused.
The orc warrior hits you but does no damage.
The orc warrior barely misses your cerulean imp.
The orc is engulfed in noxious fumes.
The orc appears confused.
Your cerulean imp hits the orc warrior but does no damage.
You now have 7/10 mp.
You hit the orc wizard.
The orc wizard is almost dead.
The orc wizard is engulfed in noxious fumes.
The orc wizard appears confused.
The orc wizard hits you with a +2 vampiric dagger.
The orc wizard draws strength from your wounds!
The orc warrior is engulfed in noxious fumes.
The orc warrior appears confused.
The orc is engulfed in noxious fumes.
The orc appears confused.
You take 3 damage, and have 37/70 hp.
You strike the helpless orc wizard from behind!
You puncture the orc wizard!
You kill the orc wizard!
Your cerulean imp completely misses the orc warrior.
Throw: 5 javelins
Press: ? - help, Q - select action, (/) - cycle Shift-Dir - straight line, f - orc warrior
Aim: an orc warrior, wielding a +0 battleaxe and wearing a +0 chain mail (lightly wounded, confused, ally target, 79% to hit)
You throw a javelin.
The javelin pierces through the orc warrior but does no damage.
The orc warrior is lightly wounded.
You feel less wooden.
Your +0 helmet unmelds from your body.
Your +0 pair of gloves unmelds from your body.
Your +0 pair of boots unmelds from your body.
Your +0 robe unmelds from your body.
Your cerulean imp barely misses the orc warrior.
The orc is engulfed in noxious fumes.
The orc appears confused.
Your cerulean imp hits the orc warrior but does no damage.
You now have 26/48 hp.
You barely miss the orc warrior. Your bite misses the orc warrior.
The orc warrior is lightly wounded.
The orc is engulfed in noxious fumes.
The orc appears confused.
Your cerulean imp hits the orc warrior but does no damage.
The orc warrior hits you with a +0 battleaxe!
The orc warrior barely misses your cerulean imp.
The orc warrior barely misses itself.
The orc hits itself with a +0 whip.
The orc is killed!
Your cerulean imp hits the orc warrior but does no damage.
You take 9 damage, and have 17/48 hp.
You hit the orc warrior but do no damage.
The orc warrior is lightly wounded.
Your cerulean imp hits the orc warrior with a -3 spear.
You hit the orc warrior but do no damage.
You bite the orc warrior.
The orc warrior is heavily wounded.
Your cerulean imp hits the orc warrior with a -3 spear.
You hit the orc warrior but do no damage.
The orc warrior is heavily wounded.
The orc warrior barely misses you.
The orc warrior hits your cerulean imp with a +0 battleaxe!
You hit the orc warrior but do no damage.
The orc warrior is heavily wounded.
Your cerulean imp hits the orc warrior but does no damage.
Your cerulean imp hits the orc warrior but does no damage.
The orc warrior hits you with a +0 battleaxe.
You take 3 damage, and have 16/48 hp.
You hit the orc warrior but do no damage.
The orc warrior is heavily wounded.
Your cerulean imp hits the orc warrior from afar with a -3 spear.
Your cerulean imp hits the orc warrior but does no damage.
The orc warrior hits you with a +0 battleaxe!!
You die...

###.......#.#.##....#....
#.....#####.#.##.........
#..##....................
#####.......<....#.......
#........(..>..#......
#..............##.....
#..............#......
#.....................
#)..5@o.........#.#..(
##............#...#.##
#)..................#
#.##########..###...# #.#
.)####.... ##.# ..
#...... #..# ....#....
#### #####.... #....


You could see an orc warrior (confused, ally target) and a friendly cerulean imp
(summoned).

Vanquished Creatures
  A phantom (D:4)
  A jelly (D:4)
  An iguana (D:4)
  3 orc wizards (D:4)
  2 hound zombies (D:4)
  A hound skeleton (D:4)
  2 adders
  4 dart slugs
  5 orcs
  7 ball pythons
  7 endoplasms
  3 giant cockroaches
  4 goblins
  5 hobgoblins
  A kobold (D:4)
  3 quokkas
  4 bats
  2 frilled lizards
  3 rats
59 creatures vanquished.

Vanquished Creatures (collateral kills)
  A hound zombie (D:4)
  3 adders
  An adder skeleton (D:4)
  2 worms
  2 orcs (D:4)
  An endoplasm (D:4)
  A quokka (D:4)
11 creatures vanquished.

Grand Total: 70 creatures vanquished

Notes
Turn   | Place    | Note
-------+----------+-------------------------------------------
     0 | D:1      | mdonais the Vampire Hedge Wizard began the quest for the
                  | Orb.
     0 | D:1      | Reached XP level 1. HP: 13/13 MP: 4/4
   115 | D:1      | Reached skill level 1 in Conjurations
   313 | D:1      | Reached skill level 1 in Fighting
   313 | D:1      | Reached XP level 2. HP: 21/21 MP: 1/6
   480 | D:1      | Learned a level 2 spell: Call Imp
  1744 | D:2      | Gained mutation: You are afflicted with vampirism and can
                  | become a bat while bloodless. [Vampire growth]
  1744 | D:2      | Reached XP level 3. HP: 27/27 MP: 5/7
  1989 | D:2      | Identified the ring of Reimbursement {rPois Dex+3}
  2522 | D:3      | Learned a level 2 spell: Blink
  2571 | D:3      | Reached skill level 4 in Stealth
  2571 | D:3      | Reached XP level 4. HP: 31/33 MP: 3/8
  2988 | D:3      | Reached skill level 1 in Translocations
  3354 | D:4      | Reached XP level 5. HP: 40/40 MP: 5/9
  3653 | D:4      | Reached skill level 1 in Short Blades
  4018 | D:4      | Noticed an orc warrior
  4026 | D:4      | Reached XP level 6. HP: 45/47 MP: 3/10
  4056 | D:3      | Learned a level 3 spell: Mephitic Cloud
  4467 | D:4      | Mangled by an orc warrior

Illustrated notes

Levels and vault maps discovered:
D:1:      sevenhm_arrival_forest_fort_small_5, layout_loops_corners,
          kennysheep_flooded_box
D:2:      layout_basic
D:3:      layout_rooms
D:4:      layout_rooms, serial_undead, serial_undead_a, serial_undead_d,
          serial_undead_d, serial_undead_f, uniq_crazy_yiuf_cottage

Skill      XL: |  1  2  3  4  5  6 |
---------------+-------------------+-----
Conjurations   | 1 |  1.0
Fighting       | 1 2 3 |  3.6
Summonings     | 2 3 |  3.3
Stealth        | 4 |  4.0
Translocations | 1 |  1.0
Short Blades   | 1 2 |  2.2
Dodging        | 3 |  3.3
Spellcasting   | |  3.0

Action                     |  1- 3 |  4- 6 || total
---------------------------+-------+-------++-------
  Melee: Dagger            |    48 |   107 ||   155
         Bite              |     8 |     9 ||    17
  Throw: Javelin           |       |     2 ||     2
   Cast: Magic Dart        |    68 |    97 ||   165
         Call Imp          |     5 |    17 ||    22
         Mephitic Cloud    |       |     2 ||     2
    Use: Scroll            |       |     7 ||     7
         Potion            |       |     3 ||     3
   Stab: Sleeping          |     2 |       ||     2
         Distracted        |     1 |     1 ||     2
         Confused          |       |     1 ||     1
 Armour: Robe              |    10 |    23 ||    33
         Skin              |       |    12 ||    12
  Dodge: Dodged            |    21 |    57 ||    78
